 Dungeon Crawl Stone Soup version 0.27-a0-1555-g0e7b3fb1d2 (webtiles) character file.

Game seed: 13633402469326210193

916 SkiChan the Skirmisher (level 7, -1/60 (64) HPs)
             Began as a Minotaur Fighter on July 14, 2021.
             Slain by a wight (9 damage)
             ... on level 4 of the Dungeon.
             The game lasted 00:05:06 (3980 turns).

SkiChan the Skirmisher (Minotaur Fighter)           Turns: 3980, Time: 00:05:06

HP:   -1/60 (64)    AC: 12    Str: 22    XL:     7   Next: 83%
MP:   6/6           EV:  6    Int:  5    God:
Gold: 89            SH:  0    Dex: 10    Spells: 6/6 levels left

rFire    . . .     SeeInvis .   y - +2 battleaxe
rCold    . . .     Faith    .   (shield currently unavailable)
rNeg     . . .     Spirit   .   p - +0 plate armour
rPois    .         Reflect  .   (helmet restricted)
rElec    .         Harm     .   (no cloak)
rCorr    +         Rampage  .   (no gloves)
Will     .....                  (no boots)
Stlth    ..........             m - amulet of the acrobat
HPRegen  0.20/turn              e - ring of resist corrosion
MPRegen  0.10/turn              (no ring)

@: mighty, drained
A: horns 2, retaliatory headbutt
a: no special abilities


You were on level 4 of the Dungeon.
You visited 1 branch of the dungeon, and saw 5 of its levels.

You collected 89 gold pieces.

Inventory:

Hand Weapons
 a - a +0 war axe
 j - a +0 mace
 r - a +1 dagger of speed
 u - a +0 whip of flaming
 w - a +0 flail
 y - a +2 battleaxe (weapon)
Armour
 b - a +0 scale mail
 c - a +0 kite shield
 p - a +0 plate armour (worn)
Jewellery
 e - a ring of resist corrosion (left hand)
 m - an amulet of the acrobat (around neck)
Wands
 o - a wand of flame (26)
Scrolls
 k - 3 scrolls of identify {unknown}
 l - 2 scrolls of amnesia {unknown}
 n - a scroll of summoning {unknown}
 s - a scroll of enchant weapon {unknown}
 v - a scroll of brand weapon {unknown}
Potions
 f - 2 potions of heal wounds {unknown}
 g - a potion of curing {unknown}
 h - a potion of resistance {unknown}
 i - a potion of haste {unknown}
 q - a potion of magic {unknown}
 t - a potion of mutation {unknown}
 x - a potion of degeneration {unknown}


   Skills:
 * Level 6.7 Fighting
 * Level 6.2(6.7) Axes
 + Level 3.6(5.4) Maces & Flails
 + Level 5.4 Armour
 + Level 5.5 Shields


You had 6 spell levels left.
You didn't know any spells.
Your spell library was empty.

Dungeon Overview and Level Annotations

Branches:
Dungeon (5/15)
 Temple: D:4-7

Altars:
Fedhas


Innate Abilities, Weirdness & Mutations

You have a pair of horns on your head.
You reflexively headbutt those who attack you in melee.


Message History

You feel drained.
You hit the wight but do no damage. You headbutt the wight.
The wight is lightly damaged.
The wight hits you with a +1 scimitar. The wight hits you with a +2 battleaxe.
Unknown command.
You barely miss the wight.
The wight is lightly damaged.
The wight hits you with a +3 war axe.
You are too injured to fight recklessly!
You are too injured to fight recklessly!
You are too injured to fight recklessly!
You are too injured to fight recklessly!
The wight barely misses you. The wight hits you with a +1 scimitar.
You feel drained. The wight completely misses you.
You climb upwards.
There is a stone staircase leading down here.
You hit the wight. You burn the wight.
You headbutt the wight, but do no damage.
The wight is moderately damaged.
The wight hits you with a +1 scimitar! The wight hits you with a +2 battleaxe.
* * * LOW HITPOINT WARNING * * *
You hit the wight. You burn the wight.
The wight is severely damaged.
The wight hits you with a +1 scimitar.
* * * LOW HITPOINT WARNING * * *
The wight hits you with a +2 battleaxe.
* * * LOW HITPOINT WARNING * * *
You feel drained.
Unknown command.
Your +0 whip of flaming stops flaming.
y - a +2 battleaxe (weapon)
The wight hits you but does no damage. The wight barely misses you.
You slice the wight!!
You destroy the wight!
You slash the wight!
Things that are here:
a +2 battleaxe; a +0 robe; a howler monkey corpse You feel very mighty all of a sudden.
The wight hits you with a +3 war axe!
You die...

#.# #. #.### #. ..#.##### #†
###.....#####################
#.
..#.#....†..................#
#.
#.#.#.#.###################.#
#.
#.#...#...................#.#
#.
#.#####..################.#.#
#. #.#####..#......@zz[.#
#.#.####.
#.##.....#.#########.#
#.#.#.... #.##+###(#.#
#.####.#.#.##. #.#...##.#.#
#......#.#.##. #.#...##.#.#
##†...##.#..#. #.#...'..#.#
#....##.#..## ..#...####.#
#....##.#.... ###...# #.#
#.......##### #...# #.#
#....####


You could see 2 wights.

Vanquished Creatures
  Pikel (D:4)
  A scorpion (D:4)
  2 wights (D:4)
  2 howler monkeys (D:4)
  A hound (D:4)
  A jelly (D:4)
  Robin (D:3)
  7 adders
  A howler monkey skeleton (D:4)
  3 gnolls (D:4)
  2 adder skeletons (D:4)
  3 worms
  3 dart slugs
  An orc (D:4)
  11 ball pythons
  8 bats
  5 endoplasms
  6 giant cockroaches
  12 goblins
  9 hobgoblins
  3 kobolds
  3 quokkas
  3 frilled lizards
  5 rats
94 creatures vanquished.

Notes
Turn   | Place    | Note
-------+----------+-------------------------------------------
     0 | D:1      | SkiChan the Minotaur Fighter began the quest for the Orb.
     0 | D:1      | Reached XP level 1. HP: 19/19 MP: 0/0
   139 | D:1      | Reached XP level 2. HP: 16/27 MP: 1/1
   323 | D:1      | Found a faded altar of an unknown god.
   669 | D:1      | Reached XP level 3. HP: 33/33 MP: 2/2
   670 | D:1      | Reached skill level 1 in Maces & Flails
  1065 | D:2      | Reached XP level 4. HP: 41/41 MP: 3/3
  1520 | D:3      | Found a blossoming altar of Fedhas.
  1678 | D:3      | Noticed Robin
  1692 | D:3      | Killed Robin
  2337 | D:4      | Noticed a lemure
  2337 | D:4      | Noticed a lemure
  2338 | D:4      | Noticed a lemure
  2338 | D:4      | Noticed Pikel
  2347 | D:4      | Noticed a lemure
  2356 | D:4      | Killed Pikel
  2357 | D:4      | Reached skill level 5 in Axes
  2357 | D:4      | Reached skill level 5 in Armour
  2357 | D:4      | Reached skill level 5 in Shields
  2357 | D:4      | Reached XP level 5. HP: 5/50 MP: 4/4
  2357 | D:4      | Reached XP level 6. HP: 6/57 MP: 5/5
  2357 | D:4      | Reached XP level 7. HP: 6/63 MP: 6/6
  3940 | D:5      | Entered Level 5 of the Dungeon
  3980 | D:4      | Slain by a wight

Illustrated notes

Levels and vault maps discovered:
D:1:      kennysheep_arrival_forest, layout_rooms,
          chequers_ecumenical_altar_simple_redux
D:2:      layout_loops_ring, hangedman_abyss_or_decor_lesser_grid
D:3:      layout_basic, fedhas_ov_isle_minmay, uniq_robin
D:4:      layout_basic, uniq_pikel
D:5:      gammafunk_wand_slinger, layout_layer_cave, st_stairs_2

Skill      XL: |  1  2  3  4  5  6  7 |
---------------+----------------------+-----
Fighting       | 4 6 |  6.7
Axes           | 3 5 6 |  6.2
Maces & Flails | 1 3 |  3.6
Armour         | 4 5 |  5.4
Shields        | 4 5 |  5.5

Action                   |  1- 3 |  4- 6 |  7- 9 || total
-------------------------+-------+-------+-------++-------
Melee: War axe           |    87 |    66 |    57 ||   210
       Headbutt          |    13 |    14 |    17 ||    44
       Whip              |       |       |     5 ||     5
       Battleaxe         |       |       |     1 ||     1
  Use: Potion            |       |     1 |     1 ||     2
Armor: Scale mail        |    32 |     6 |       ||    38
       Plate armour      |       |    36 |    24 ||    60
Dodge: Dodged            |    34 |    20 |    15 ||    69
Block: Kite shield       |    49 |    36 |    38 ||   123

Table legend: (Time is in decaauts)
 A = Elapsed time spent in this place.
 B = Non-inter-level travel time spent in this place.
 C = Inter-level travel time spent in this place.
 D = Time resting spent in this place.
 E = Time spent auto-exploring this place.
 F = Levels seen in this place.
 G = Mean time per level.
                   A        B        C        D        E       F      G
               +--------+--------+--------+--------+--------+-----+--------+
         Total |   4085 |   3976 |    109 |    428 |   2962 |   5 |  817.0 |
       Dungeon |   4085 |   3976 |    109 |    428 |   2962 |   5 |  817.0 |
               +--------+--------+--------+--------+--------+-----+--------+

Top non-repeatable levels by time:
     D:4: 1826 daAuts
     D:2: 805 daAuts
     D:1: 744 daAuts
     D:3: 698 daAuts
     D:5: 11 daAuts
